WCHLSIM.com - West Coast Hockey League
html PUBLIC "-//W3C//DTD XHTML 1.0 Transitional//EN" "http://www.w3.org/TR/xhtml1/DTD/xhtml1-transitional.dtd"> WCHL - Game 427 - SASKATOON DUCKS vs CALGARY FIREMEN

SASKATOON DUCKS vs CALGARY FIREMEN

Created - 10 décembre 2022 at 22:06

Goals
1 2 3 T
SASKATOON DUCKS 0 1 0 1
CALGARY FIREMEN 2 0 0 2
Shots
1 2 3 T
SASKATOON DUCKS 13 12 4 29
CALGARY FIREMEN 13 9 5 27

1st period

1. CALGARY FIREMEN , Filip Forsberg 17 (Mattias Janmark-Nylen 9) at 16:07
2. CALGARY FIREMEN , Ryan Johansen 7 (Filip Forsberg 22, Gustav Forsling 14) at 18:49

Penalties :
No Penalty

2nd period

3. SASKATOON DUCKS , Artemi Panarin 8 (William Nylander 18, Claude Giroux 14) at 15:31

Penalties :
Filip Forsberg (CGY) for Hooking (Minor) at 0:22, Samuel Girard (SAS) for Slashing (Minor) at 0:22

3rd period

No Goal

Penalties :
Jake McCabe (CGY) for Hooking (Minor) at 11:37, Yakov Trenin (CGY) for Holding (Minor) at 18:51

Goalie Stats

Tristan Jarry (SAS), 25 saves from 27 shots - (0,926), L, 15-8-0, 59:01 minutes
Vitek Vanecek (CGY), 28 saves from 29 shots - (0,966), W, 13-7-1, 60:00 minutes

Players Stats for SASKATOON DUCKS

Player Name              G  A  P  +/- PIM S  H  SB GA TA FO     MP     PP MP  PK MP  
------------------------------------------------------------------------------------
Anthony Duclair          0  0  0   0  0   1  1  0  0  0  0/1    20:46   1:42   0:00 
Artemi Panarin           1  0  1  -1  0   3  1  0  0  0  0/1    20:49   1:45   0:00 
Bryan Rust               0  0  0   0  0   3  0  0  0  0  0/1    14:44   1:45   0:00 
Chris Wideman            0  0  0   0  0   0  1  0  0  0  0/0    13:42   0:00   0:00 
Claude Giroux            0  1  1  -1  0   2  1  0  0  0  15/26  20:13   1:22   0:00 
Curtis Lazar             0  0  0   0  0   0  1  0  0  0  0/0     4:53   0:00   0:00 
Derick Brassard          0  0  0   0  0   0  0  0  0  0  3/7     4:59   0:06   0:00 
Jake Guentzel            0  0  0   0  0   2  1  0  0  0  0/2    20:26   1:22   0:00 
Jaycob Megna             0  0  0   0  0   1  2  2  0  0  0/0    18:49   0:06   0:00 
Kailer Yamamoto          0  0  0   0  0   0  0  0  0  0  0/0     4:53   0:00   0:00 
Kevin Shattenkirk        0  0  0   0  0   0  0  0  0  0  0/0    19:55   1:19   0:00 
Mathieu Joseph           0  0  0   0  0   3  1  1  0  0  1/5    12:59   0:00   0:00 
Ryan McDonagh            0  0  0  -1  0   2  3  2  0  0  0/0    24:28   0:00   0:00 
Ryan Strome              0  0  0   0  0   4  0  0  0  0  6/16   15:14   1:22   0:00 
Samuel Girard            0  0  0  -1  2   0  1  1  0  0  0/0    24:17   1:42   0:00 
Sidney Crosby            0  0  0   0  0   6  1  0  0  0  19/27  21:49   1:39   0:00 
William Borgen           0  0  0   0  0   0  3  0  0  0  0/0    14:48   0:00   0:00 
William Nylander         0  1  1  -1  0   2  0  0  0  0  1/3    20:16   1:25   0:00 

Players Stats for CALGARY FIREMEN

Player Name              G  A  P  +/- PIM S  H  SB GA TA FO     MP     PP MP  PK MP  
------------------------------------------------------------------------------------
Adam Henrique            0  0  0  -1  0   5  3  0  0  0  13/24  20:31   0:00   0:20 
Alex Goligoski           0  0  0   0  0   1  0  1  0  0  0/0    19:30   0:00   2:02 
Andreas Athanasiou       0  0  0  -1  0   1  0  0  0  0  1/2    18:59   0:00   0:00 
Brett Howden             0  0  0   0  0   0  0  0  0  0  6/14   12:09   0:00   1:53 
Filip Forsberg           1  1  2   2  2   7  2  0  0  0  0/1    25:27   0:00   0:00 
Gustav Forsling          0  1  1   1  0   0  1  1  0  0  0/0    23:18   0:00   0:00 
Gustav Lindstrom         0  0  0   0  0   0  0  0  0  0  0/0     0:44   0:00   0:44 
Jack Drury               0  0  0   1  0   0  0  0  0  0  6/16   12:26   0:00   1:14 
Jake McCabe              0  0  0   1  2   1  4  1  0  0  0/0    19:49   0:00   0:46 
Jakob Silfverberg        0  0  0   1  0   1  0  0  0  0  1/1    16:28   0:00   1:14 
Justin Braun             0  0  0   0  0   0  4  2  0  0  0/0    17:26   0:00   1:19 
Marc-Edouard Vlasic      0  0  0   0  0   0  0  0  0  0  0/0    17:30   0:00   1:23 
Mattias Janmark-Nylen    0  1  1   1  0   2  0  0  0  0  0/0    11:12   0:00   0:00 
Oskar Lindblom           0  0  0   0  0   1  0  0  0  0  0/2    11:00   0:00   0:22 
Ryan Johansen            1  0  1   1  0   2  0  0  0  0  17/27  16:01   0:00   0:00 
Shayne Gostisbehere      0  0  0   0  0   1  2  1  0  0  0/0    21:42   0:00   0:00 
Sonny Milano             0  0  0  -1  0   5  2  1  0  0  0/2    20:00   0:00   0:00 
Yakov Trenin             0  0  0   0  2   0  1  0  0  0  0/0    10:39   0:00   1:11 

3 Stars

1 - Filip Forsberg (CGY)
2 - Vitek Vanecek (CGY)
3 - Ryan Johansen (CGY)

Power Play

SASKATOON DUCKS - 0 on 2 Attempt(s) - 0,00%
CALGARY FIREMEN - 0 on 0 Attempt(s) - 0,00%

Penalty Kill

SASKATOON DUCKS - 0 on 0 Attempt(s) - 0,00% - Score 0 goal in Penalty Kill
CALGARY FIREMEN - 2 on 2 Attempt(s) - 100,00% - Score 0 goal in Penalty Kill

Team Stat

SASKATOON DUCKS - Hits : 17 - Faceoff Wins : 45 - Blocked Shots : 6 - Penalty Minutes : 2
CALGARY FIREMEN - Hits : 19 - Faceoff Wins : 44 - Blocked Shots : 7 - Penalty Minutes : 6

Official

Referees : Tim Peel and Terry Koharski
Linesman : Travis Toomey and Jeff Walker

Game Notes

No Game Note

Finance

Level 1 -- Attendance: 6000 (100,00%) -- Ticket Income 870 000 $
Level 2 -- Attendance: 5000 (100,00%) -- Ticket Income 550 000 $
Level 3 -- Attendance: 2818 (93,93%) -- Ticket Income 169 080 $
Level 4 -- Attendance: 4767 (95,34%) -- Ticket Income 281 253 $
Luxury Box -- Attendance: 1000 (100,00%) -- Ticket Income 290 000 $
Game was played at the Larouche Stadium.
Total Attendance: 19585 (97,93%)
Total Ticket Income: 2 160 333 $
Other Expense: 21 603 $
Total Income: 2 138 730 $

SASKATOON DUCKS

5 vs 5 Forward 
   Center                   Left Wing                Right Wing               Time % Phy DF OF 
 1 Sidney Crosby            Jake Guentzel            Anthony Duclair          36     1   1  3  
 2 Claude Giroux            Artemi Panarin           William Nylander         34     1   1  3  
 3 Ryan Strome              Mathieu Joseph           Bryan Rust               24     1   1  3  
 4 Derick Brassard          Kailer Yamamoto          Curtis Lazar             6      1   3  1  

5 vs 5 Defense 
   Defense                  Defense                                           Time % Phy DF OF 
 1 Ryan McDonagh            Samuel Girard                                     44     0   3  2  
 2 Kevin Shattenkirk        Jaycob Megna                                      32     0   3  2  
 3 Chris Wideman            William Borgen                                    24     0   5  0  
 4 Ryan McDonagh            Kevin Shattenkirk                                 0      1   2  2  

PowerPlay Forward 
   Center                   Left Wing                Right Wing               Time % Phy DF OF 
 1 Sidney Crosby            Artemi Panarin           Bryan Rust               55     0   0  5  
 2 Ryan Strome              Jake Guentzel            Claude Giroux            45     0   0  5  

PowerPlay Defense
   Defense                  Defense                                           Time % Phy DF OF 
 1 William Nylander         Kevin Shattenkirk                                 55     0   0  5  
 2 Samuel Girard            Anthony Duclair                                   45     0   0  5  

Penalty Kill 4 Players Forward 
   Center                   Wing                     Time % Phy DF OF 
 1 Sidney Crosby            Anthony Duclair          55     1   2  2  
 2 Claude Giroux            Mathieu Joseph           45     1   2  2  

Penalty Kill 4 Players Defense
   Defense                  Defense                  Time % Phy DF OF 
 1 William Nylander         Kevin Shattenkirk        55     1   2  2  
 2 Jaycob Megna             Samuel Girard            45     1   2  2  

Penalty Kill - 3 Players Forward 
   Forward                                           Time % Phy DF OF 
 1 Sidney Crosby                                     55     1   2  2  
 2 Claude Giroux                                     45     1   2  2  

Penalty Kill - 3 Players Defense
   Defense                  Defense                  Time % Phy DF OF 
 1 Claude Giroux            Kevin Shattenkirk        55     1   2  2  
 2 Jaycob Megna             Samuel Girard            45     1   2  2  

4 vs 4 Forward 
   Center                   Wing                     Time % Phy DF OF 
 1 Claude Giroux            Ryan Strome              55     1   2  2  
 2 Sidney Crosby            Artemi Panarin           45     1   2  2  

4 vs 4 Defense
   Defense                  Defense                  Time % Phy DF OF 
 1 Ryan McDonagh            William Nylander         55     1   2  2  
 2 Jaycob Megna             Samuel Girard            45     1   2  2  

Last Minutes Offensive
   Center                   Left Wing                Right Wing               Defense                  Defense                  
   Sidney Crosby            Artemi Panarin           Jake Guentzel            Ryan McDonagh            Claude Giroux            

Last Minutes Defensive
   Center                   Left Wing                Right Wing               Defense                  Defense                  
   Sidney Crosby            Jake Guentzel            William Nylander         Ryan McDonagh            Kevin Shattenkirk        

Goaltenders
Starting : Tristan Jarry            
Backup : Karel Vejmelka           

Extra Forwards
Normal : Claude Giroux, Sidney Crosby, Jake Guentzel - PP : Bryan Rust, Anthony Duclair - PK : William Nylander
Extra Defensemen
Normal : Jaycob Megna, William Borgen, Chris Wideman - PP : Jaycob Megna - PK : William Borgen, Chris Wideman
Penalty Shots
Sidney Crosby, Jake Guentzel, Artemi Panarin, William Nylander, Bryan Rust
Custom OT Lines Forwards
Sidney Crosby, Jake Guentzel, Claude Giroux, Artemi Panarin, William Nylander, Bryan Rust, Ryan Strome, Anthony Duclair, Mathieu Joseph, Kailer Yamamoto
Custom OT Lines Defensemen
Ryan McDonagh, Kevin Shattenkirk, Jaycob Megna, Samuel Girard, William Borgen

Scratches
Alexander Edler (Torn Right Knee Ligaments Injury)

CALGARY FIREMEN

5 vs 5 Forward 
   Center                   Left Wing                Right Wing               Time % Phy DF OF 
 1 Ryan Johansen            Jakob Silfverberg        Filip Forsberg           33     0   1  4  
 2 Adam Henrique            Sonny Milano             Andreas Athanasiou       32     0   2  3  
 3 Jack Drury               Mattias Janmark-Nylen    Filip Forsberg           25     1   2  2  
 4 Brett Howden             Yakov Trenin             Oskar Lindblom           10     1   2  2  

5 vs 5 Defense 
   Defense                  Defense                                           Time % Phy DF OF 
 1 Gustav Forsling          Jake McCabe                                       33     1   1  3  
 2 Alex Goligoski           Shayne Gostisbehere                               32     1   1  3  
 3 Marc-Edouard Vlasic      Justin Braun                                      25     1   2  2  
 4 Gustav Forsling          Shayne Gostisbehere                               10     1   3  1  

PowerPlay Forward 
   Center                   Left Wing                Right Wing               Time % Phy DF OF 
 1 Ryan Johansen            Filip Forsberg           Andreas Athanasiou       50     0   0  5  
 2 Adam Henrique            Sonny Milano             Jakob Silfverberg        50     0   0  5  

PowerPlay Defense
   Defense                  Defense                                           Time % Phy DF OF 
 1 Gustav Forsling          Shayne Gostisbehere                               50     1   1  3  
 2 Alex Goligoski           Jake McCabe                                       50     1   1  3  

Penalty Kill 4 Players Forward 
   Center                   Wing                     Time % Phy DF OF 
 1 Jack Drury               Jakob Silfverberg        50     0   5  0  
 2 Brett Howden             Yakov Trenin             50     0   5  0  

Penalty Kill 4 Players Defense
   Defense                  Defense                  Time % Phy DF OF 
 1 Marc-Edouard Vlasic      Justin Braun             70     1   4  0  
 2 Alex Goligoski           Jake McCabe              30     1   4  0  

Penalty Kill - 3 Players Forward 
   Forward                                           Time % Phy DF OF 
 1 Jakob Silfverberg                                 50     0   5  0  
 2 Filip Forsberg                                    50     0   5  0  

Penalty Kill - 3 Players Defense
   Defense                  Defense                  Time % Phy DF OF 
 1 Marc-Edouard Vlasic      Justin Braun             50     0   5  0  
 2 Alex Goligoski           Jake McCabe              50     0   5  0  

4 vs 4 Forward 
   Center                   Wing                     Time % Phy DF OF 
 1 Ryan Johansen            Filip Forsberg           50     1   1  3  
 2 Adam Henrique            Sonny Milano             50     1   1  3  

4 vs 4 Defense
   Defense                  Defense                  Time % Phy DF OF 
 1 Gustav Forsling          Shayne Gostisbehere      50     1   1  3  
 2 Alex Goligoski           Jake McCabe              50     1   1  3  

Last Minutes Offensive
   Center                   Left Wing                Right Wing               Defense                  Defense                  
   Ryan Johansen            Adam Henrique            Filip Forsberg           Gustav Forsling          Shayne Gostisbehere      

Last Minutes Defensive
   Center                   Left Wing                Right Wing               Defense                  Defense                  
   Adam Henrique            Filip Forsberg           Jakob Silfverberg        Gustav Forsling          Alex Goligoski           

Goaltenders
Starting : Vitek Vanecek            
Backup : Carey Price              

Extra Forwards
Normal : Brett Howden, Sonny Milano, Oskar Lindblom - PP : Brett Howden, Sonny Milano - PK : Oskar Lindblom
Extra Defensemen
Normal : Marc-Edouard Vlasic, Justin Braun, Alex Goligoski - PP : Marc-Edouard Vlasic - PK : Justin Braun, Alex Goligoski
Penalty Shots
Filip Forsberg, Ryan Johansen, Adam Henrique, Sonny Milano, Andreas Athanasiou
Custom OT Lines Forwards
Filip Forsberg, Ryan Johansen, Adam Henrique, Andreas Athanasiou, Jakob Silfverberg, Sonny Milano, Brett Howden, Oskar Lindblom, Yakov Trenin, Jack Drury
Custom OT Lines Defensemen
Gustav Forsling, Shayne Gostisbehere, Alex Goligoski, Jake McCabe, Marc-Edouard Vlasic

Scratches
Sam Gagner (Fractured Metatarsal (Right Foot) Injury)

% Time on Ice - SASKATOON DUCKS

Lines # - Real PCT - Wanted PCT - Time Play
Normal Forward
1 - 35% - 36% - 19:04
2 - 33% - 34% - 17:58
3 - 24% - 24% - 12:59
4 - 9% - 6% - 4:53
Normal Defense
1 - 41% - 44% - 22:36
2 - 32% - 32% - 17:37
3 - 25% - 24% - 13:42
4 - 2% - 0% - 0:59
PP Forward
1 - 56% - 55% - 1:45
2 - 44% - 45% - 1:22
PP Defense
1 - 45% - 55% - 1:25
2 - 55% - 45% - 1:42
PK Forward
1 - 0% - 55%
2 - 0% - 45%
PK Defense
1 - 0% - 55%
2 - 0% - 45%
PK3 Forward
1 - 0% - 55%
2 - 0% - 45%
PK3 Defense
1 - 0% - 55%
2 - 0% - 45%
44 Forward
1 - 45% - 55% - 0:53
2 - 55% - 45% - 1:06
44 Defense
1 - 45% - 55% - 0:53
2 - 55% - 45% - 1:06
Last Minute Offensive  - 0:00
Last Minute Defensive  - 0:00
Total
Forward - 60:00
Defense - 60:00

% Time on Ice - CALGARY FIREMEN

Lines # - Real PCT - Wanted PCT - Time Play
Normal Forward
1 - 28% - 33% - 15:14
2 - 35% - 32% - 18:59
3 - 20% - 25% - 11:12
4 - 17% - 10% - 9:29
Normal Defense
1 - 33% - 33% - 17:52
2 - 30% - 32% - 16:16
3 - 29% - 25% - 16:07
4 - 8% - 10% - 4:39
PP Forward
1 - 0% - 50%
2 - 0% - 50%
PP Defense
1 - 0% - 50%
2 - 0% - 50%
PK Forward
1 - 40% - 50% - 1:14
2 - 60% - 50% - 1:53
PK Defense
1 - 35% - 70% - 1:05
2 - 65% - 30% - 2:02
PK3 Forward
1 - 0% - 50%
2 - 0% - 50%
PK3 Defense
1 - 0% - 50%
2 - 0% - 50%
44 Forward
1 - 49% - 50% - 0:58
2 - 51% - 50% - 1:01
44 Defense
1 - 39% - 50% - 0:47
2 - 61% - 50% - 1:12
Last Minute Offensive  - 0:00
Last Minute Defensive  - 0:00
Total
Forward - 60:00
Defense - 60:00

Play-by-Play

1st period


0:01 of 1st period - Ryan Johansen wins face-off versus Sidney Crosby in neutral zone.
0:21 of 1st period - Icing by Sidney Crosby.
0:22 of 1st period - Sidney Crosby wins face-off versus Adam Henrique in SASKATOON DUCKS zone.
0:57 of 1st period - Shot by Adam Henrique.
0:57 of 1st period - Stopped by Tristan Jarry without a rebound.
0:58 of 1st period - Jack Drury wins face-off versus Claude Giroux in SASKATOON DUCKS zone.
0:58 of 1st period - Jack Drury is hit by Jaycob Megna.
1:06 of 1st period - Shot by Filip Forsberg.
1:06 of 1st period - Stopped by Tristan Jarry without a rebound.
1:07 of 1st period - Ryan Strome wins face-off versus Brett Howden in SASKATOON DUCKS zone.
1:19 of 1st period - Oskar Lindblom is hit by William Borgen and loses puck.
1:48 of 1st period - Icing by Yakov Trenin.
1:49 of 1st period - Brett Howden wins face-off versus Claude Giroux in CALGARY FIREMEN zone.
2:07 of 1st period - Shot by Claude Giroux.
2:07 of 1st period - Shot Misses the Net.
2:12 of 1st period - Gustav Forsling is hit by Jaycob Megna and loses puck.
2:36 of 1st period - Shot by Gustav Forsling.
2:36 of 1st period - Shot Misses the Net.
3:15 of 1st period - Shot by Sonny Milano.
3:15 of 1st period - Stopped by Tristan Jarry without a rebound.
3:16 of 1st period - Ryan Johansen wins face-off versus Anthony Duclair in SASKATOON DUCKS zone.
3:35 of 1st period - Shot by Jake Guentzel.
3:35 of 1st period - Shot Misses the Net.
3:37 of 1st period - Shot by Anthony Duclair.
3:37 of 1st period - Shot Blocked by Justin Braun.
3:39 of 1st period - Shot by Ryan McDonagh.
3:39 of 1st period - Stopped by Vitek Vanecek without a rebound.
3:40 of 1st period - Derick Brassard wins face-off versus Adam Henrique in CALGARY FIREMEN zone.
3:49 of 1st period - Off-side.
3:50 of 1st period - Ryan Strome wins face-off versus Adam Henrique in neutral zone.
4:16 of 1st period - Shot by Sonny Milano.
4:16 of 1st period - Shot Hit the Post.
4:18 of 1st period - Shot by Adam Henrique.
4:18 of 1st period - Shot Blocked by Ryan McDonagh.
4:20 of 1st period - Shot by Alex Goligoski.
4:20 of 1st period - Stopped by Tristan Jarry without a rebound.
4:21 of 1st period - Sidney Crosby wins face-off versus Ryan Johansen in SASKATOON DUCKS zone.
4:28 of 1st period - Filip Forsberg is hit by Anthony Duclair and loses puck.
4:49 of 1st period - Shot by Sidney Crosby.
4:49 of 1st period - Stopped by Vitek Vanecek without a rebound.
4:50 of 1st period - Derick Brassard wins face-off versus Adam Henrique in CALGARY FIREMEN zone.
4:58 of 1st period - Kailer Yamamoto is hit by Shayne Gostisbehere and loses puck.
5:19 of 1st period - Shot by Adam Henrique.
5:19 of 1st period - Stopped by Tristan Jarry without a rebound.
5:20 of 1st period - Ryan Johansen wins face-off versus Claude Giroux in SASKATOON DUCKS zone.
5:38 of 1st period - Shot by Jakob Silfverberg.
5:38 of 1st period - Shot Misses the Net.
5:40 of 1st period - Shot by Jake McCabe.
5:40 of 1st period - Stopped by Tristan Jarry without a rebound.
5:41 of 1st period - Sidney Crosby wins face-off versus Brett Howden in SASKATOON DUCKS zone.
5:50 of 1st period - Shot by Sidney Crosby.
5:50 of 1st period - Stopped by Vitek Vanecek without a rebound.
5:51 of 1st period - Jack Drury wins face-off versus Ryan Strome in CALGARY FIREMEN zone.
7:04 of 1st period - Icing by Chris Wideman.
7:05 of 1st period - Adam Henrique wins face-off versus Ryan Strome in SASKATOON DUCKS zone.
7:21 of 1st period - Bryan Rust is hit by Adam Henrique and loses puck.
7:48 of 1st period - Anthony Duclair is hit by Adam Henrique and loses puck.
8:49 of 1st period - Shot by William Nylander.
8:49 of 1st period - Stopped by Vitek Vanecek with a rebound.
9:18 of 1st period - Off-side.
9:19 of 1st period - Ryan Johansen wins face-off versus Derick Brassard in neutral zone.
9:24 of 1st period - Shot by Filip Forsberg.
9:24 of 1st period - Shot Blocked by Ryan McDonagh.
9:54 of 1st period - Shot by Filip Forsberg.
9:54 of 1st period - Shot Misses the Net.
10:05 of 1st period - Icing by Curtis Lazar.
10:06 of 1st period - Derick Brassard wins face-off versus Adam Henrique in SASKATOON DUCKS zone.
10:13 of 1st period - Shot by Sonny Milano.
10:13 of 1st period - Stopped by Tristan Jarry without a rebound.
10:14 of 1st period - Sidney Crosby wins face-off versus Adam Henrique in SASKATOON DUCKS zone.
10:14 of 1st period - Sidney Crosby is hit by Sonny Milano.
10:46 of 1st period - Shot by Sonny Milano.
10:46 of 1st period - Shot Misses the Net.
10:48 of 1st period - Shot by Sonny Milano.
10:48 of 1st period - Shot Misses the Net.
11:22 of 1st period - Shot by Filip Forsberg.
11:22 of 1st period - Stopped by Tristan Jarry without a rebound.
11:23 of 1st period - Jack Drury wins face-off versus Ryan Strome in SASKATOON DUCKS zone.
11:32 of 1st period - Shot by Ryan Strome.
11:32 of 1st period - Stopped by Vitek Vanecek without a rebound.
11:33 of 1st period - Claude Giroux wins face-off versus Brett Howden in CALGARY FIREMEN zone.
11:43 of 1st period - William Nylander is hit by Jake McCabe and loses puck.
11:59 of 1st period - Shot by Artemi Panarin.
11:59 of 1st period - Shot Misses the Net.
12:01 of 1st period - Shot by Ryan McDonagh.
12:01 of 1st period - Shot Misses the Net.
13:49 of 1st period - Shot by Mathieu Joseph.
13:49 of 1st period - Stopped by Vitek Vanecek with a rebound.
13:53 of 1st period - Shot by Ryan Strome.
13:53 of 1st period - Deflect By Bryan Rust.
13:53 of 1st period - Shot Misses the Net.
14:26 of 1st period - Shot by Adam Henrique.
14:26 of 1st period - Stopped by Tristan Jarry without a rebound.
14:27 of 1st period - Claude Giroux wins face-off versus Oskar Lindblom in SASKATOON DUCKS zone.
14:27 of 1st period - Claude Giroux is hit by Yakov Trenin.
14:35 of 1st period - Shot by William Nylander.
14:35 of 1st period - Stopped by Vitek Vanecek without a rebound.
14:36 of 1st period - Claude Giroux wins face-off versus Filip Forsberg in CALGARY FIREMEN zone.
14:39 of 1st period - Shot by Artemi Panarin.
14:39 of 1st period - Stopped by Vitek Vanecek without a rebound.
14:40 of 1st period - Sidney Crosby wins face-off versus Brett Howden in CALGARY FIREMEN zone.
14:41 of 1st period - Shot by Jake Guentzel.
14:41 of 1st period - Shot Misses the Net.
15:29 of 1st period - Shot by Filip Forsberg.
15:29 of 1st period - Stopped by Tristan Jarry with a rebound.
16:03 of 1st period - Shot by Filip Forsberg.
16:03 of 1st period - Shot Misses the Net.
16:05 of 1st period - Shot by Filip Forsberg.
16:05 of 1st period - Deflect By Mattias Janmark-Nylen.
16:05 of 1st period - Shot Misses the Net.
16:07 of 1st period - Shot by Filip Forsberg.
16:07 of 1st period - Goal by Filip Forsberg - SASKATOON DUCKS : 0 - CALGARY FIREMEN : 1.
16:08 of 1st period - Adam Henrique wins face-off versus Mathieu Joseph in neutral zone.
16:33 of 1st period - Shot by Mathieu Joseph.
16:33 of 1st period - Stopped by Vitek Vanecek without a rebound.
16:34 of 1st period - Claude Giroux wins face-off versus Ryan Johansen in CALGARY FIREMEN zone.
16:37 of 1st period - Shot by Artemi Panarin.
16:37 of 1st period - Stopped by Vitek Vanecek without a rebound.
16:38 of 1st period - Claude Giroux wins face-off versus Ryan Johansen in CALGARY FIREMEN zone.
17:08 of 1st period - Claude Giroux is hit by Jake McCabe and loses puck.
17:17 of 1st period - Shot by Claude Giroux.
17:17 of 1st period - Stopped by Vitek Vanecek without a rebound.
17:18 of 1st period - Adam Henrique wins face-off versus Jake Guentzel in CALGARY FIREMEN zone.
17:18 of 1st period - Adam Henrique is hit by Jake Guentzel.
17:38 of 1st period - Shot by Anthony Duclair.
17:38 of 1st period - Stopped by Vitek Vanecek without a rebound.
17:39 of 1st period - Jack Drury wins face-off versus Ryan Strome in CALGARY FIREMEN zone.
18:05 of 1st period - Shot by Mathieu Joseph.
18:05 of 1st period - Stopped by Vitek Vanecek without a rebound.
18:06 of 1st period - Adam Henrique wins face-off versus Claude Giroux in CALGARY FIREMEN zone.
18:08 of 1st period - Gustav Forsling is hit by Artemi Panarin.
18:15 of 1st period - Shot by Adam Henrique.
18:15 of 1st period - Stopped by Tristan Jarry with a rebound.
18:17 of 1st period - Shot by Sonny Milano.
18:17 of 1st period - Shot Misses the Net.
18:22 of 1st period - Icing by Samuel Girard.
18:23 of 1st period - Claude Giroux wins face-off versus Ryan Johansen in SASKATOON DUCKS zone.
18:41 of 1st period - Shot by Filip Forsberg.
18:41 of 1st period - Shot Blocked by Samuel Girard.
18:47 of 1st period - Shot by Ryan Johansen.
18:47 of 1st period - Shot Misses the Net.
18:49 of 1st period - Shot by Ryan Johansen.
18:49 of 1st period - The goal is going for a video replay.
18:49 of 1st period - The goal is good.
18:49 of 1st period - Goal by Ryan Johansen - SASKATOON DUCKS : 0 - CALGARY FIREMEN : 2.
18:50 of 1st period - Adam Henrique wins face-off versus Sidney Crosby in neutral zone.
19:20 of 1st period - Shot by Sidney Crosby.
19:20 of 1st period - Shot Misses the Net.
Goals for this period are 0 for SASKATOON DUCKS vs 2 for CALGARY FIREMEN.
Shots for this period are 13 for SASKATOON DUCKS vs 13 for CALGARY FIREMEN.

2nd period


0:01 of 2nd period - Sidney Crosby wins face-off versus Jack Drury in neutral zone.
0:03 of 2nd period - Off-side.
0:04 of 2nd period - Sidney Crosby wins face-off versus Jack Drury in neutral zone.
0:22 of 2nd period - Minor Penalty to Filip Forsberg for Hooking.
0:22 of 2nd period - Minor Penalty to Samuel Girard for Slashing.
0:23 of 2nd period - Adam Henrique wins face-off versus Claude Giroux in SASKATOON DUCKS zone.
2:37 of 2nd period - Shot by Kailer Yamamoto.
2:37 of 2nd period - Shot Blocked by Justin Braun.
2:42 of 2nd period - Curtis Lazar is hit by Justin Braun and loses puck.
2:47 of 2nd period - Shot by Derick Brassard.
2:47 of 2nd period - Shot Misses the Net.
2:49 of 2nd period - Shot by Ryan McDonagh.
2:49 of 2nd period - Stopped by Vitek Vanecek without a rebound.
2:50 of 2nd period - Ryan Johansen wins face-off versus Ryan Strome in CALGARY FIREMEN zone.
2:55 of 2nd period - Shot by Filip Forsberg.
2:55 of 2nd period - Deflect By Ryan Johansen.
2:55 of 2nd period - Shot Misses the Net.
3:08 of 2nd period - Icing by Bryan Rust.
3:09 of 2nd period - Adam Henrique wins face-off versus Ryan Strome in SASKATOON DUCKS zone.
3:48 of 2nd period - Shot by Andreas Athanasiou.
3:48 of 2nd period - Deflect By Sonny Milano.
3:48 of 2nd period - Stopped by Tristan Jarry without a rebound.
3:49 of 2nd period - Ryan Johansen wins face-off versus Claude Giroux in SASKATOON DUCKS zone.
5:06 of 2nd period - Jake Guentzel is hit by Shayne Gostisbehere and loses puck.
5:09 of 2nd period - Shot by Anthony Duclair.
5:09 of 2nd period - Shot Misses the Net.
5:32 of 2nd period - Shot by Sidney Crosby.
5:32 of 2nd period - Deflect By Anthony Duclair.
5:32 of 2nd period - Shot Misses the Net.
5:34 of 2nd period - Shot by Anthony Duclair.
5:34 of 2nd period - Shot Misses the Net.
5:36 of 2nd period - Shot by Sidney Crosby.
5:36 of 2nd period - Stopped by Vitek Vanecek without a rebound.
5:37 of 2nd period - Andreas Athanasiou wins face-off versus Ryan Strome in CALGARY FIREMEN zone.
5:50 of 2nd period - Shot by Sonny Milano.
5:50 of 2nd period - Stopped by Tristan Jarry with a rebound.
6:13 of 2nd period - Icing by Marc-Edouard Vlasic.
6:14 of 2nd period - Adam Henrique wins face-off versus Derick Brassard in CALGARY FIREMEN zone.
6:40 of 2nd period - Kailer Yamamoto is hit by Justin Braun and loses puck.
6:53 of 2nd period - Shot by Curtis Lazar.
6:53 of 2nd period - Shot Blocked by Sonny Milano.
7:22 of 2nd period - Shot by Sidney Crosby.
7:22 of 2nd period - Stopped by Vitek Vanecek without a rebound.
7:23 of 2nd period - Claude Giroux wins face-off versus Jack Drury in CALGARY FIREMEN zone.
8:05 of 2nd period - Shot by Filip Forsberg.
8:05 of 2nd period - Shot Misses the Net.
8:16 of 2nd period - Off-side.
8:17 of 2nd period - Sidney Crosby wins face-off versus Oskar Lindblom in neutral zone.
8:31 of 2nd period - Yakov Trenin is hit by Ryan McDonagh and loses puck.
9:14 of 2nd period - Icing by Gustav Forsling.
9:15 of 2nd period - Brett Howden wins face-off versus Mathieu Joseph in CALGARY FIREMEN zone.
9:34 of 2nd period - Shot by Mathieu Joseph.
9:34 of 2nd period - Shot Blocked by Shayne Gostisbehere.
9:49 of 2nd period - Shot by Ryan Strome.
9:49 of 2nd period - Stopped by Vitek Vanecek without a rebound.
9:50 of 2nd period - Adam Henrique wins face-off versus Claude Giroux in CALGARY FIREMEN zone.
9:56 of 2nd period - Off-side.
9:57 of 2nd period - Claude Giroux wins face-off versus Ryan Johansen in neutral zone.
10:03 of 2nd period - Shot by Ryan Johansen.
10:03 of 2nd period - Shot Misses the Net.
10:05 of 2nd period - Shot by Filip Forsberg.
10:05 of 2nd period - Stopped by Tristan Jarry without a rebound.
10:06 of 2nd period - Sidney Crosby wins face-off versus Ryan Johansen in SASKATOON DUCKS zone.
10:12 of 2nd period - Off-side.
10:13 of 2nd period - Sidney Crosby wins face-off versus Ryan Johansen in neutral zone.
10:18 of 2nd period - Shot by Sidney Crosby.
10:18 of 2nd period - Deflect By Jake Guentzel.
10:18 of 2nd period - Stopped by Vitek Vanecek without a rebound.
10:19 of 2nd period - Ryan Johansen wins face-off versus Sidney Crosby in CALGARY FIREMEN zone.
10:26 of 2nd period - Sidney Crosby is hit by Filip Forsberg.
10:34 of 2nd period - Shot by Sidney Crosby.
10:34 of 2nd period - Deflect By Jake Guentzel.
10:34 of 2nd period - Shot Misses the Net.
10:42 of 2nd period - Shot by Jake Guentzel.
10:42 of 2nd period - Shot Blocked by Jake McCabe.
11:19 of 2nd period - Icing by Jake McCabe.
11:20 of 2nd period - Ryan Johansen wins face-off versus William Nylander in CALGARY FIREMEN zone.
12:00 of 2nd period - Shot by Andreas Athanasiou.
12:00 of 2nd period - Shot Blocked by Jaycob Megna.
12:25 of 2nd period - Icing by Jaycob Megna.
12:26 of 2nd period - Brett Howden wins face-off versus Claude Giroux in SASKATOON DUCKS zone.
13:01 of 2nd period - Anthony Duclair is hit by Justin Braun and loses puck.
13:10 of 2nd period - Shot by Sidney Crosby.
13:10 of 2nd period - Shot Misses the Net.
13:24 of 2nd period - Shot by Sidney Crosby.
13:24 of 2nd period - Stopped by Vitek Vanecek without a rebound.
13:25 of 2nd period - Jack Drury wins face-off versus Ryan Strome in CALGARY FIREMEN zone.
13:25 of 2nd period - Jack Drury is hit by Mathieu Joseph.
13:30 of 2nd period - Filip Forsberg is hit by Chris Wideman.
13:51 of 2nd period - Icing by Chris Wideman.
13:52 of 2nd period - Ryan Strome wins face-off versus Adam Henrique in SASKATOON DUCKS zone.
14:13 of 2nd period - Shot by Bryan Rust.
14:13 of 2nd period - Stopped by Vitek Vanecek without a rebound.
14:14 of 2nd period - Jack Drury wins face-off versus Sidney Crosby in CALGARY FIREMEN zone.
14:14 of 2nd period - Jack Drury is hit by Sidney Crosby.
14:32 of 2nd period - Shot by Filip Forsberg.
14:32 of 2nd period - Stopped by Tristan Jarry without a rebound.
14:33 of 2nd period - Claude Giroux wins face-off versus Andreas Athanasiou in SASKATOON DUCKS zone.
14:47 of 2nd period - Off-side.
14:48 of 2nd period - Ryan Johansen wins face-off versus Sidney Crosby in neutral zone.
15:01 of 2nd period - Shot by Ryan Johansen.
15:01 of 2nd period - Stopped by Tristan Jarry without a rebound.
15:02 of 2nd period - Adam Henrique wins face-off versus Artemi Panarin in SASKATOON DUCKS zone.
15:27 of 2nd period - Shot by Artemi Panarin.
15:27 of 2nd period - Shot Blocked by Alex Goligoski.
15:29 of 2nd period - Shot by William Nylander.
15:29 of 2nd period - Shot Misses the Net.
15:31 of 2nd period - Shot by Artemi Panarin.
15:31 of 2nd period - Goal by Artemi Panarin - SASKATOON DUCKS : 1 - CALGARY FIREMEN : 2.
15:32 of 2nd period - Sidney Crosby wins face-off versus Jack Drury in neutral zone.
15:47 of 2nd period - Shot by Sidney Crosby.
15:47 of 2nd period - Stopped by Vitek Vanecek with a rebound.
16:06 of 2nd period - Icing by Jake McCabe.
16:07 of 2nd period - Claude Giroux wins face-off versus Jack Drury in CALGARY FIREMEN zone.
16:07 of 2nd period - Claude Giroux is hit by Jake McCabe.
17:09 of 2nd period - Shot by Adam Henrique.
17:09 of 2nd period - Stopped by Tristan Jarry without a rebound.
17:10 of 2nd period - Brett Howden wins face-off versus Sidney Crosby in SASKATOON DUCKS zone.
17:16 of 2nd period - Yakov Trenin is hit by Samuel Girard and loses puck.
17:20 of 2nd period - Icing by Sidney Crosby.
17:21 of 2nd period - Ryan Johansen wins face-off versus Jake Guentzel in SASKATOON DUCKS zone.
17:57 of 2nd period - Icing by Jakob Silfverberg.
17:58 of 2nd period - Ryan Johansen wins face-off versus Ryan Strome in CALGARY FIREMEN zone.
18:03 of 2nd period - Shot by Jakob Silfverberg.
18:03 of 2nd period - Stopped by Tristan Jarry without a rebound.
18:04 of 2nd period - Adam Henrique wins face-off versus Bryan Rust in SASKATOON DUCKS zone.
18:15 of 2nd period - Shot by Sonny Milano.
18:15 of 2nd period - Stopped by Tristan Jarry without a rebound.
18:16 of 2nd period - Claude Giroux wins face-off versus Jack Drury in SASKATOON DUCKS zone.
18:34 of 2nd period - Filip Forsberg is hit by Ryan McDonagh and loses puck.
18:49 of 2nd period - Shot by Filip Forsberg.
18:49 of 2nd period - Stopped by Tristan Jarry without a rebound.
18:50 of 2nd period - Adam Henrique wins face-off versus Sidney Crosby in SASKATOON DUCKS zone.
19:11 of 2nd period - Shot by Jake Guentzel.
19:11 of 2nd period - Shot Misses the Net.
19:13 of 2nd period - Shot by Jaycob Megna.
19:13 of 2nd period - Stopped by Vitek Vanecek without a rebound.
19:14 of 2nd period - Ryan Johansen wins face-off versus Mathieu Joseph in CALGARY FIREMEN zone.
19:25 of 2nd period - Shot by Bryan Rust.
19:25 of 2nd period - Stopped by Vitek Vanecek with a rebound.
19:31 of 2nd period - Shot by Mathieu Joseph.
19:31 of 2nd period - Deflect By Bryan Rust.
19:31 of 2nd period - Stopped by Vitek Vanecek without a rebound.
19:32 of 2nd period - Sidney Crosby wins face-off versus Adam Henrique in CALGARY FIREMEN zone.
19:36 of 2nd period - Sidney Crosby is hit by Gustav Forsling and loses puck.
19:45 of 2nd period - Sidney Crosby is hit by Adam Henrique.
Goals for this period are 1 for SASKATOON DUCKS vs 0 for CALGARY FIREMEN.
Shots for this period are 12 for SASKATOON DUCKS vs 9 for CALGARY FIREMEN.

3rd period


0:01 of 3rd period - Ryan Johansen wins face-off versus Mathieu Joseph in neutral zone.
0:03 of 3rd period - Off-side.
0:04 of 3rd period - Ryan Strome wins face-off versus Ryan Johansen in neutral zone.
1:37 of 3rd period - Shot by Anthony Duclair.
1:37 of 3rd period - Shot Misses the Net.
3:52 of 3rd period - Shot by Ryan Strome.
3:52 of 3rd period - Stopped by Vitek Vanecek without a rebound.
3:53 of 3rd period - Sidney Crosby wins face-off versus Brett Howden in CALGARY FIREMEN zone.
4:13 of 3rd period - Shayne Gostisbehere is hit by William Borgen and loses puck.
4:47 of 3rd period - Icing by Gustav Forsling.
4:48 of 3rd period - Claude Giroux wins face-off versus Jack Drury in CALGARY FIREMEN zone.
7:10 of 3rd period - Off-side.
7:11 of 3rd period - Sidney Crosby wins face-off versus Jack Drury in neutral zone.
7:51 of 3rd period - Shot by Jake McCabe.
7:51 of 3rd period - Shot Hit the Post.
8:11 of 3rd period - Icing by Kailer Yamamoto.
8:12 of 3rd period - Adam Henrique wins face-off versus Derick Brassard in SASKATOON DUCKS zone.
8:13 of 3rd period - Shot by Sonny Milano.
8:13 of 3rd period - Deflect By Andreas Athanasiou.
8:13 of 3rd period - Stopped by Tristan Jarry without a rebound.
8:14 of 3rd period - Claude Giroux wins face-off versus Adam Henrique in SASKATOON DUCKS zone.
8:39 of 3rd period - Shot by Adam Henrique.
8:39 of 3rd period - Shot Blocked by Jaycob Megna.
8:41 of 3rd period - Shot by Shayne Gostisbehere.
8:41 of 3rd period - Stopped by Tristan Jarry without a rebound.
8:42 of 3rd period - Brett Howden wins face-off versus Ryan Strome in SASKATOON DUCKS zone.
8:50 of 3rd period - Brett Howden is hit by Ryan McDonagh.
8:54 of 3rd period - Shot by Oskar Lindblom.
8:54 of 3rd period - Stopped by Tristan Jarry with a rebound.
8:57 of 3rd period - Icing by Ryan McDonagh.
8:58 of 3rd period - Ryan Strome wins face-off versus Ryan Johansen in SASKATOON DUCKS zone.
8:58 of 3rd period - Ryan Strome is hit by Filip Forsberg.
9:11 of 3rd period - Shot by Ryan Strome.
9:11 of 3rd period - Stopped by Vitek Vanecek without a rebound.
9:12 of 3rd period - Sidney Crosby wins face-off versus Adam Henrique in CALGARY FIREMEN zone.
9:43 of 3rd period - Shot by Jake Guentzel.
9:43 of 3rd period - Stopped by Vitek Vanecek without a rebound.
9:44 of 3rd period - Ryan Johansen wins face-off versus Claude Giroux in CALGARY FIREMEN zone.
9:48 of 3rd period - Off-side.
9:49 of 3rd period - Ryan Johansen wins face-off versus Claude Giroux in neutral zone.
10:00 of 3rd period - Shot by Ryan Johansen.
10:00 of 3rd period - Shot Misses the Net.
10:34 of 3rd period - Filip Forsberg is hit by Claude Giroux and loses puck.
10:52 of 3rd period - Icing by Jaycob Megna.
10:53 of 3rd period - Sidney Crosby wins face-off versus Sonny Milano in SASKATOON DUCKS zone.
10:53 of 3rd period - Sidney Crosby is hit by Sonny Milano.
11:37 of 3rd period - Minor Penalty to Jake McCabe for Hooking.
11:38 of 3rd period - Sidney Crosby wins face-off versus Brett Howden in CALGARY FIREMEN zone.
11:38 of 3rd period - Sidney Crosby is hit by Justin Braun.
13:46 of 3rd period - Shayne Gostisbehere is hit by Curtis Lazar and loses puck.
13:55 of 3rd period - Shot by Andreas Athanasiou.
13:55 of 3rd period - Shot Misses the Net.
14:07 of 3rd period - Icing by Kailer Yamamoto.
14:08 of 3rd period - Ryan Johansen wins face-off versus Derick Brassard in SASKATOON DUCKS zone.
14:10 of 3rd period - Jakob Silfverberg is hit by William Borgen and loses puck.
14:30 of 3rd period - Icing by Gustav Forsling.
14:31 of 3rd period - Ryan Strome wins face-off versus Ryan Johansen in CALGARY FIREMEN zone.
14:54 of 3rd period - Shot by Bryan Rust.
14:54 of 3rd period - Shot Misses the Net.
14:56 of 3rd period - Shot by Samuel Girard.
14:56 of 3rd period - Shot Blocked by Gustav Forsling.
15:14 of 3rd period - Icing by Jake McCabe.
15:15 of 3rd period - Ryan Johansen wins face-off versus Claude Giroux in CALGARY FIREMEN zone.
15:47 of 3rd period - Icing by Kevin Shattenkirk.
15:48 of 3rd period - Brett Howden wins face-off versus William Nylander in SASKATOON DUCKS zone.
15:58 of 3rd period - Icing by Kevin Shattenkirk.
15:59 of 3rd period - Claude Giroux wins face-off versus Sonny Milano in SASKATOON DUCKS zone.
16:12 of 3rd period - Shot by Claude Giroux.
16:12 of 3rd period - Stopped by Vitek Vanecek without a rebound.
16:13 of 3rd period - Sidney Crosby wins face-off versus Jack Drury in CALGARY FIREMEN zone.
16:29 of 3rd period - Icing by Marc-Edouard Vlasic.
16:30 of 3rd period - Mathieu Joseph wins face-off versus Jack Drury in CALGARY FIREMEN zone.
16:43 of 3rd period - Shot by Mattias Janmark-Nylen.
16:43 of 3rd period - Stopped by Tristan Jarry with a rebound.
16:45 of 3rd period - Shot by Mattias Janmark-Nylen.
16:45 of 3rd period - Stopped by Tristan Jarry with a rebound.
17:03 of 3rd period - Shot by Filip Forsberg.
17:03 of 3rd period - Deflect By Jack Drury.
17:03 of 3rd period - Shot Blocked by Mathieu Joseph.
18:00 of 3rd period - Icing by Samuel Girard.
18:01 of 3rd period - Sidney Crosby wins face-off versus Adam Henrique in SASKATOON DUCKS zone.
18:17 of 3rd period - Off-side.
18:18 of 3rd period - William Nylander wins face-off versus Brett Howden in neutral zone.
18:23 of 3rd period - Icing by Yakov Trenin.
18:24 of 3rd period - Claude Giroux wins face-off versus Brett Howden in CALGARY FIREMEN zone.
18:24 of 3rd period - William Nylander is hit by Jake McCabe and loses puck.
18:51 of 3rd period - Minor Penalty to Yakov Trenin for Holding.
18:52 of 3rd period - Jakob Silfverberg wins face-off versus Sidney Crosby in CALGARY FIREMEN zone.
19:01 of 3rd period - SASKATOON DUCKS, Tristan Jarry is pulled from the net.
Goals for this period are 0 for SASKATOON DUCKS vs 0 for CALGARY FIREMEN.
Shots for this period are 4 for SASKATOON DUCKS vs 5 for CALGARY FIREMEN.


SEBASTIAN
AHO
MARK
SCHEIFELE
JAKE
OETTINGER

EAST COAST

HOCKEY LEAGUE

  • 17.QUE3CHI2
  • 18.CHA2LIM4
  • 19.TRV3LON2
  • 20.CHW1BAL2
  • 21.PITMAN
  • 22.ATLNHW
  • 23.WORPET
  • 24.RHI